 Dungeon Crawl Stone Soup version 0.25-a0-265-g7af84ae (webtiles) character file.

Game seed: 1070375437758757156, levelgen mode: deterministic

18 Firecrotchwizard the Firebug (level 2, -1/20 HPs)
             Began as a Hill Orc Fire Elementalist on Dec 8, 2019.
             Slain by a leopard gecko (2 damage)
             ... on level 1 of the Dungeon.
             The game lasted 00:02:16 (1043 turns).

Firecrotchwizard the Firebug (HOFE)                 Turns: 1043, Time: 00:02:16

Health: -1/20      AC:  2    Str: 10    XL:     2   Next: 70%
Magic:  4/4        EV: 12    Int: 15    God:
Gold:   44         SH:  0    Dex: 11    Spells: 3/4 levels left

rFire    . . .     SeeInvis .   d - +0 spear
rCold    . . .     Gourm    .   (no shield)
rNeg     . . .     Faith    .   a - +0 robe
rPois    .         Spirit   .   (no helmet)
rElec    .         Reflect  .   (no cloak)
rCorr    .         Harm     .   (no gloves)
MR       .....                  (no boots)
Stlth    ++........             (no amulet)
HPRegen  0.06/turn              (no ring)
MPRegen  0.09/turn              (no ring)

@: no status effects
A: no striking features
a: no special abilities


You were on level 1 of the Dungeon.
You were not hungry.

You visited 1 branch of the dungeon, and saw 1 of its levels.

You collected 44 gold pieces.

Inventory:

Hand Weapons
 d - a +0 spear (weapon)
   (You found it on level 1 of the Dungeon)
Armour
 a - a +0 robe (worn)
Scrolls
 b - 2 scrolls of identify {unknown}
 e - 3 scrolls of teleportation {unknown}
 g - a scroll of remove curse {unknown}
 h - a scroll of enchant armour {unknown}
 j - a scroll of fear {unknown}
Potions
 i - 2 potions of agility {unknown}
Comestibles
 c - 3 rations


   Skills:
 - Level 1.5 Dodging
 - Level 1.5 Stealth
 + Level 1.8 Spellcasting
 * Level 2.0 Conjurations
 + Level 3.5 Fire Magic


You had 3 spell levels left.
You knew the following spells:

 Your Spells              Type           Power        Failure   Level  Hunger
a - Foxfire               Conj/Fire      #...         7%          1    ##.....

Your spell library contained the following spells:

 Spells                   Type           Power        Failure   Level  Hunger
 Conjure Flame            Conj/Fire      #.......     22%         3    ####...
 Inner Flame              Hex/Fire       #.......     32%         3    ####...
 Sticky Flame             Conj/Fire      #.......     56%         4    #####..
 Fireball                 Conj/Fire      #.........   89%         5    ######.


Dungeon Overview and Level Annotations

Branches:
Dungeon (1/15)

Altars:


Message History

You hit the frilled lizard but do no damage.
The frilled lizard bites you.
You take 2 damage, and have 18/20 hp.
You hit the frilled lizard.
You kill the frilled lizard!
No target in view!
The frilled lizard is too close now for your liking.
The frilled lizard hisses angrily.
Attack whom?
Aim: a frilled lizard You reach to attack!
You hit the frilled lizard.
You kill the frilled lizard!
No target in view!
No target in view!
c - 3 rations (gained 1) All of the chunks of flesh in your inventory have rotted away.
A bat comes into view.
Health restored: 20 A bat is nearby!
A jackal comes into view.
The jackal barks!
You hear a bark!
Attack whom?
Aim: a bat You reach to attack!
You miss the bat. The bat hits you. The bat barely misses you.
A jackal comes into view.
You take 1 damage, and have 19/20 hp.
You hit the bat.
You kill the bat!
The jackal bites you.
You see here a bat corpse.
You take 1 damage, and have 18/20 hp.
You hit the jackal. The jackal misses you.
You hit the jackal but do no damage. The jackal bites you.
You take 3 damage, and have 15/20 hp.
You are too injured to fight recklessly!
You are too injured to fight recklessly!
You are too injured to fight recklessly!
You barely miss the jackal. The jackal barely misses you.
You miss the jackal.
The jackal bites you but does no damage.
You closely miss the jackal. The jackal closely misses you.
The jackal bites you.
You take 1 damage, and have 15/20 hp.
You hit the jackal. The jackal misses you.
You hit the jackal.
You kill the jackal!
Your Conjurations skill increases to level 2!
The jackal misses you.
You hit the jackal but do no damage. The jackal barely misses you.
You barely miss the jackal.
The jackal bites you but does no damage.
The jackal barely misses you.
You barely miss the jackal. The jackal misses you. The jackal bites you.
You take 3 damage, and have 12/20 hp.
You closely miss the jackal. The jackal closely misses you.
You barely miss the jackal. The jackal bites you. The jackal misses you.
You take 1 damage, and have 11/20 hp.
You closely miss the jackal. The jackal completely misses you.
You hit the jackal.
You kill the jackal!
You are feeling hungry.
You see here a bat corpse.
You butcher the bat corpse.
f - a chunk of flesh {@w0} You see here a bat skeleton.
There isn't anything to butcher here.
You start resting.
Eating a chunk of flesh {@w0}.
You eat the chunk of flesh {@w0}.
A leopard gecko comes into view.
You are too injured to fight recklessly!
You are too injured to fight recklessly!
You start resting.
The leopard gecko is too close now for your liking.
The leopard gecko hisses angrily.
The leopard gecko bites you. x2
You take 3 damage, and have 11/20 hp.
You hit the leopard gecko. The leopard gecko barely misses you.
You barely miss the leopard gecko. The leopard gecko closely misses you.
You miss the leopard gecko. The leopard gecko misses you.
You barely miss the leopard gecko. The leopard gecko bites you.
* * * LOW HITPOINT WARNING * * *
The leopard gecko closely misses you.
You take 5 damage, and have 6/20 hp.
MASSIVE DAMAGE!!
You barely miss the leopard gecko. The leopard gecko bites you.
* * * LOW HITPOINT WARNING * * *
You take 1 damage, and have 5/20 hp.
You closely miss the leopard gecko. The leopard gecko barely misses you.
You miss the leopard gecko. The leopard gecko bites you.
* * * LOW HITPOINT WARNING * * *
The leopard gecko bites you but does no damage.
You take 2 damage, and have 3/20 hp.
You closely miss the leopard gecko.
The leopard gecko bites you but does no damage.
You miss the leopard gecko. The leopard gecko bites you.
* * * LOW HITPOINT WARNING * * *
You take 2 damage, and have 1/20 hp.
You miss the leopard gecko. The leopard gecko bites you.
You die...

#......#. ######.#. #.#.
#.#. #.#. #.#. ###
##########.#.
.....#######...÷......#.
#..l@......#######.##
#..#########......... #.
.......⌠.. # ..........
..⌠....... ..........
.......<.. ..........
..⌠.......


You could see a leopard gecko.

Vanquished Creatures
  2 leopard geckos (D:1)
  2 jackals (D:1)
  4 bats (D:1)
  8 frilled lizards (D:1)
  2 kobolds (D:1)
  A rat (D:1)
19 creatures vanquished.

Vanquished Creatures (others)
  18 foxfires (D:1)
18 creatures vanquished.

Grand Total: 37 creatures vanquished

Notes
Turn   | Place    | Note
-------+----------+-------------------------------------------
     0 | D:1      | Firecrotchwizard the Hill Orc Fire Elementalist began the
                  | quest for the Orb.
     0 | D:1      | Reached XP level 1. HP: 14/14 MP: 3/3
   361 | D:1      | Reached XP level 2. HP: 20/20 MP: 4/4
   985 | D:1      | Reached skill level 2 in Conjurations
  1038 | D:1      | HP: 5/20 [leopard gecko (1)]
  1042 | D:1      | HP: 1/20 [leopard gecko (2)]
  1043 | D:1      | Slain by a leopard gecko

Levels and vault maps discovered:
D:1:      dpeg_arrival_water_temple_mockup, layout_basic, minmay_lizard_king

Skill      XL: |  1  2 |
---------------+-------+-----
Conjurations   | 2 |  2.0
Dodging        | |  1.5
Stealth        | |  1.5
Spellcasting   | |  1.8
Fire Magic     | |  3.5

Action                   || total
-------------------------++-------
Melee: Spear             ||    52
       Unarmed           ||     1
 Cast: Foxfire           ||    11
  Eat: Chunk             ||     1
Armor: Robe              ||    14
Dodge: Dodged            ||    42

Table legend:
 A = Non-vault XP
 B = Vault XP
 C = Vault XP percentage of total XP
 D = Non-vault monster count
 E = Vault monster count
 F = Vault count percentage of total count
                 A         B        C        D         E       F
            +---------+---------+-------+---------+---------+-------
      Total |      19 |       8 |  29.6 |      13 |       6 |  31.6
            +---------+---------+-------+---------+---------+-------
        D:1 |      19 |       8 |  29.6 |      13 |       6 |  31.6
            +---------+---------+-------+---------+---------+-------

Levels and vault maps discovered:
D:1:      dpeg_arrival_water_temple_mockup, layout_basic, minmay_lizard_king

Table legend:
 A = Turns spent in this place as a percentage of turns spent in the entire game.
 B = Non-inter-level travel turns spent in this place as a percentage of non-inter-level travel turns spent in the entire game.
 C = Inter-level travel turns spent in this place as a percentage of turns spent in this place.
 D = Turns resting spent in this place as a percentage of non-inter-level travel turns spent in this place.
 E = Turns spent auto-exploring this place as a percentage of non-inter-level travel turns spent in this place.
 F = Non-inter-level travel turns spent in this place divided by the number of levels of this place that you've seen.
                   A       B       C       D       E      F
               +-------+-------+-------+-------+-------+----------------------
         Total | 100.0 | 100.0 |   0.0 |  34.6 |  49.7 | 1043.0
       Dungeon | 100.0 | 100.0 |   0.0 |  34.6 |  49.7 | 1043.0
               +-------+-------+-------+-------+-------+----------------------

Table legend:
 A = Kills in this place as a percentage of kills in entire the game.
 B = Kills by you in this place as a percentage of kills by you in the entire game.
 C = Kills by friends in this place as a percentage of kills by friends in the entire game.
 D = Other kills in this place as a percentage of other kills in the entire game.
 E = Experience gained in this place as a percentage of experience gained in the entire game.
 F = Experience gained in this place divided by the number of levels of this place that you have seen.
                   A       B       C       D       E      F
               +-------+-------+-------+-------+-------+----------------------
         Total | 100.0 | 100.0 |   N/A |   N/A | 100.0 |  27.0
       Dungeon | 100.0 | 100.0 |   N/A |   N/A | 100.0 |  27.0
               +-------+-------+-------+-------+-------+----------------------
